 Dungeon Crawl Stone Soup version 0.19-a0-1697-g0595f0e (webtiles) character file.

185771 Jarlath the Maledictor (level 17, -3/135 HPs)
             Began as a Vampire Enchanter on Sept 26, 2016.
             Was the Champion of Dithmenos.
             Slain by an eight-headed hydra (12 damage)
             ... on level 4 of the Swamp.
             The game lasted 01:17:36 (33955 turns).

Jarlath the Maledictor (Vampire Enchanter)         Turns: 33955, Time: 01:17:37

Health: -3/135     AC: 17    Str:  7    XL:     17   Next: 41%
Magic:  14/34      EV: 30    Int: 38    God:    Dithmenos [******]
Gold:   1045       SH: 10    Dex: 26    Spells: 9 memorised, 6 levels left

rFire  + + .     SeeInvis +     N - +1 dagger "Ixzepogi" {freeze, *Slow Int+7}
rCold  + + +     Gourm    .     S - +1 robe {rF+}
rNeg   + + +     Faith    .     z - +3 buckler
rPois  ∞         Spirit   .     b - +5 helmet of Rakom {rPois Regen+ Int+3}
rElec  .         Dismiss  .     h - +0 cloak of Mifuh {rCorr Int+6 Dex+4}
rCorr  +         Reflect  .     W - +2 pair of gloves {Dex+3}
MR     +....     Harm     .     V - +2 pair of boots {run}
Stlth  ++++++++++               Q - amulet of Vitality {Regen+ HP+15}
                                H - ring of Doubts {rPois EV+1 Dex+2 Slay+3}
                                s - ring of Cin Pury {rF+ rC++ rN+ SInv}

@: bloodless, non-regenerating, wreathed by umbra, quick
A: fangs 3, see invisible, unbreathing
a: Bat Form, Shadow Step, Shadow Form, Renounce Religion
}: 1/15 runes: serpentine


You were on level 4 of the Swamp.
You worshipped Dithmenos.
Dithmenos was exalted by your worship.
You were bloodless.

You visited 8 branches of the dungeon, and saw 34 of its levels.
You also visited: Labyrinth.

You collected 3052 gold pieces.
You spent 2007 gold pieces at shops.

Inventory:

Hand Weapons
 N - the +1 dagger "Ixzepogi" (weapon) {freeze, *Slow Int+7}
   (You found it on level 10 of the Dungeon)

   It has been specially enchanted to freeze those struck by it, causing extra
   injury to most foes and up to half again as much damage against particularly
   susceptible opponents.
   It can also slow down cold-blooded creatures.
   It affects your intelligence (+7).
   It may slow you when you take damage.
Armour
 b - the +5 helmet of Rakom (worn) {rPois Regen+ Int+3}
   (You bought it in a shop on level 1 of the Orcish Mines)

   It affects your intelligence (+3).
   It protects you from poison.
   It increases your rate of regeneration.
 h - the +0 cloak of Mifuh (worn) {rCorr Int+6 Dex+4}
   (You acquired it on level 2 of the Snake Pit)

   It affects your intelligence (+6).
   It affects your dexterity (+4).
   It protects you from acid and corrosion.
 z - a +3 buckler (worn)
 A - a steam dragon hide
 S - a +1 robe of fire resistance (worn)
 V - a +2 pair of boots of running (worn)
 W - a +2 pair of gloves of dexterity (worn)
Jewellery
 s - the ring of Cin Pury (left hand) {rF+ rC++ rN+ SInv}
   (You found it on level 5 of the Lair of Beasts)

   [ring of positive energy]

   It protects you from fire.
   It greatly protects you from cold.
   It protects you from negative energy.
   It lets you see invisible.
 H - the ring of Doubts (right hand) {rPois EV+1 Dex+2 Slay+3}
   (You found it on level 8 of the Dungeon)

   [ring of evasion]

   It affects your evasion (+1).
   It affects your dexterity (+2).
   It affects your accuracy and damage with ranged weapons and melee attacks
   (+3).
   It protects you from poison.
 Q - the amulet of Vitality (around neck) {Regen+ HP+15}
   (You found it on level 15 of the Dungeon)

   [amulet of regeneration]

   It affects your health (+15).
   It increases your rate of regeneration.
Wands
 i - a wand of paralysis (8/24)
 l - a wand of digging (18/24)
 t - a wand of disintegration (13/24)
 C - a wand of hasting (5/9)
 X - a wand of digging (16/24)
Scrolls
 d - 2 scrolls of identify
 e - 11 scrolls of remove curse
 g - 2 scrolls of vulnerability
 k - 7 scrolls of teleportation
 p - 3 scrolls of enchant weapon
 B - 5 scrolls of magic mapping
 D - 4 scrolls of fog
Potions
 a - 3 potions of heal wounds
 m - 3 potions of haste
 n - 5 potions of flight
 q - 3 potions of resistance
 r - a potion of ambrosia
 u - 9 potions of lignification
 v - 10 potions of curing
 x - a potion of cancellation
 P - a potion of brilliance
Books
 c - a book of Maledictions

   Spells                             Type                      Level
   a - Corona                         Hexes                        1
   b - Ensorcelled Hibernation        Hexes/Ice                    2
   c - Confuse                        Hexes                        3
   d - Tukima's Dance                 Hexes                        3
   e - Dazzling Spray                 Conjuration/Hexes            3
 w - a book of Burglary

   Spells                             Type                      Level
   a - Swiftness                      Charms/Air                   2
   b - Passwall                       Transmutation/Earth          2
   c - Passage of Golubria            Translocation                4
   d - Lee's Rapid Deconstruction     Earth                        5
   e - Darkness                       Hexes                        6
   f - Invisibility                   Hexes                        6
 F - a book of Transfigurations

   Spells                             Type                      Level
   a - Irradiate                      Conjuration/Transmutation    5
   b - Statue Form                    Transmutation/Earth          6
   c - Hydra Form                     Transmutation                6
   d - Dragon Form                    Transmutation                7
 G - a book of Enchantments

   Spells                             Type                      Level
   a - Cause Fear                     Hexes                        4
   b - Yara's Violent Unravelling     Hexes/Transmutation          5
   c - Silence                        Hexes/Air                    5
   d - Deflect Missiles               Charms/Air                   6
   e - Haste                          Charms                       6
   f - Discord                        Hexes                        8
 L - a book of Minor Magic

   Spells                             Type                      Level
   a - Magic Dart                     Conjuration                  1
   b - Blink                          Translocation                2
   c - Call Imp                       Summoning                    2
   d - Repel Missiles                 Charms/Air                   2
   e - Slow                           Hexes                        2
   f - Conjure Flame                  Conjuration/Fire             3
   g - Mephitic Cloud                 Conjuration/Poison/Air       3
 O - a book of Geomancy

   Spells                             Type                      Level
   a - Sandblast                      Earth                        1
   b - Passwall                       Transmutation/Earth          2
   c - Stone Arrow                    Conjuration/Earth            3
   d - Petrify                        Transmutation/Earth          4
   e - Lee's Rapid Deconstruction     Earth                        5
 R - a book of Cantrips

   Spells                             Type                      Level
   a - Confusing Touch                Hexes                        1
   b - Animate Skeleton               Necromancy                   1
   c - Summon Small Mammal            Summoning                    1
   d - Apportation                    Translocation                1
 U - a book of Power

   Spells                             Type                      Level
   a - Fulminant Prism                Conjuration/Hexes            4
   b - Iskenderun's Mystic Blast      Conjuration                  4
   c - Venom Bolt                     Conjuration/Poison           5
   d - Bolt of Magma                  Conjuration/Fire/Earth       5
   e - Iron Shot                      Conjuration/Earth            6
   f - Orb of Destruction             Conjuration                  7
   g - Spellforged Servitor           Conjuration/Summoning        7


   Skills:
 + Level 7.4 Fighting
 - Level 12.7 Short Blades
 - Level 15.4 Dodging
 - Level 15.1 Stealth
 - Level 5.1 Shields
 - Level 13.2 Spellcasting
 - Level 21.0 Hexes
 - Level 7.5 Transmutations
 - Level 1.0 Ice Magic


You had 6 spell levels left.
You knew the following spells:

 Your Spells              Type           Power        Failure   Level  Hunger
a - Corona                Hex            #######      0%          1    None
b - Ensorcelled Hibernat  Hex/Ice        ######       1%          2    None
c - Confuse               Hex            ########     0%          3    None
d - Yara's Violent Unrav  Hex/Tmut       #######...   1%          5    None
e - Darkness              Hex            ########..   1%          6    ##.....
f - Silence               Hex/Air        #######...   1%          5    None
g - Passwall              Tmut/Erth      ######....   1%          2    None
h - Discord               Hex            ########..   1%          8    ######.
i - Fulminant Prism       Conj/Hex       #######...   1%          4    None


Dungeon Overview and Level Annotations

Branches:
Dungeon (15/15)            Temple (1/1) D:4            Lair (6/6) D:10
  Swamp (4/4) Lair:4        Snake (4/4) Lair:4        Slime (0/5) Lair:5
    Orc (2/2) D:9             Elf (1/3) Orc:2        Vaults (0/5) D:13
 Depths (1/5) D:15

Altars:
Ashenzari
Cheibriados
Dithmenos
Elyvilon
Fedhas
Gozag
Hepliaklqana
Kikubaaqudgha
Makhleb
Nemelex Xobeh
Okawaru
Qazlal
Ru
Sif Muna
Trog
Uskayaw
Vehumet
Xom
Yredelemnul
Zin
The Shining One
Beogh

Shops:
D:12 %*%   Orc:1 *:   Orc:2 **!(   Snake:2 [   Snake:3 *

Annotations:
Swamp:4 Lernaean hydra


Innate Abilities, Weirdness & Mutations

You do not heal naturally.
You are immune to poison.
You have razor-sharp teeth.
You have supernaturally acute eyesight. (SInv)
You can survive without breathing.


Message History

Press: ? - help, Shift-Dir - straight line, f - bog body
Aim: a bog body (heavily damaged, confused, umbra, chance to defeat MR: 75%)
The eight-headed hydra resists with significant effort.
You block the eight-headed hydra's attack.
The eight-headed hydra barely misses you.
The eight-headed hydra misses you.
You block the eight-headed hydra's attack.
The eight-headed hydra bites you but does no damage.
The eight-headed hydra misses you. x2
The eight-headed hydra completely misses you.
The eight-headed hydra misses you.
The eight-headed hydra completely misses you.
The eight-headed hydra closely misses you.
You block the eight-headed hydra's attack.
The eight-headed hydra bites you but does no damage.
The eight-headed hydra bites you.
* * * LOW HITPOINT WARNING * * *
You block the eight-headed hydra's attack.
The eight-headed hydra bites you!
You die...

** ****** ,***,≈,≈* ♣♣♣*
,,≈*,,,≈* ♣≈<♣♣ ,≈,,,,≈**
♣♣♣≈≈.♣ ♣♣♣
,≈≈≈,≈≈,**♣D.≈≈≈♣♣ ♣♣.♣♣♣
,≈≈≈,,,,≈♣♣.≈≈...♣ ♣§≈.≈♣
*,≈≈,***≈..n.≈≈D.♣♣♣♣≈≈≈.♣
,,,,,***.....≈≈≈@≈≈....≈.♣
,,,≈*≈**.≈≈≈≈≈≈≈.♣≈≈....♣*
,,*****,≈≈≈≈≈≈≈≈≈♣.§≈≈≈.♣♣
,,,****,≈≈≈≈≈≈≈≈≈.≈.≈≈†..♣♣
****≈≈≈,...?≈≈≈#####≈≈≈≈≈.♣♣
,,,****+#'#'###*,,,##≈§.≈≈.♣
,,,,*,,,....,≈*,,,,,#≈..≈≈.♣
,,,,*,8,,..,8≈*,,,,,#.♣♣≈≈.♣
,,,,*.,,≈,,,,,*,,,,,#♣♣♣♣♣♣♣


You could see an eight-headed hydra, a six-headed hydra (confused) and a bog
body (confused).

Vanquished Creatures
  Saint Roka (Orc:2)
  Gastronok (D:10)
  7 greater nagas
  Donald (Swamp:1)
  An orc warlord (Orc:2)
  An entropy weaver (Lair:5)
  6 dire elephants (Lair:6)
  Azrael (D:13)
  Snorg (Lair:5)
  A minotaur (Lab)
  A fire dragon (D:15)
  Harold (D:10)
  8 hydras
  A vault guard (D:13)
  An ice dragon (D:15)
  A ghost crab (Swamp:2)
  7 naga warriors
  6 anacondas
  2 centaur warriors
  5 alligators
  A queen ant (Lair:6)
  A death yak (Lair:4)
  A tengu warrior (D:13)
  Urug (D:14)
  4 orc high priests (Orc:2)
  Nergalle (Lair:1)
  6 shock serpents
  7 naga sharpshooters
  Sonja (Lair:1)
  3 unseen horrors
  A spriggan druid (Swamp:2)
  A swamp dragon (Swamp:4)
  3 naga ritualists
  2 shambling mangroves (Swamp:3)
  Pikel (D:8)
  7 hill giants
  3 deep elf magi
  3 orc knights (Orc:2)
  4 mana vipers
  6 orc sorcerers (Orc:2)
  A manticore (D:14)
  3 hornets (Swamp:3)
  An oklob plant (Lair:6)
  7 cyclopes
  2 salamanders (Snake:3)
  10 naga magi
  17 black mambas
  4 elephants (Lair:6)
  A centaur zombie (D:14)
  A torpor snail (Lair:6)
  5 gargoyles
  19 spiny frogs
  2 centaur skeletons
  3 rime drakes
  3 kobold demonologists
  2 ice devils (Lair:1)
  7 komodo dragons
  The ghost of mhoghedin the Magician, a novice DEFE (D:4)
  9 trolls
  4 two-headed ogres
  A polar bear (Lair:3)
  3 meliai (Lair:4)
  6 tyrant leeches
  17 blink frogs
  10 slime creatures
  6 bog bodies
  11 hippogriffs
  A shadow (D:12)
  8 wyverns
  2 wraiths
  57 yaks
  A spriggan (Swamp:4)
  3 fire elementals
  A dancing weapon (D:6)
  2 basilisks
  A steam dragon (Lair:4)
  11 vampire mosquitoes
  5 hungry ghosts
  9 swamp worms
  Menkaure (D:5)
  4 wargs (Orc:2)
  6 insubstantial wisps (Swamp:1)
  25 nagas
  18 soldier ants (Lair:5)
  9 water moccasins
  Duvessa (D:6)
  10 porcupines
  7 swamp drakes
  A hell hound (D:14)
  37 orc warriors
  6 sky beasts
  4 black bears
  16 ogres
  5 ice beasts
  4 wasps
  5 wolves (Lair:4)
  2 phantoms
  15 centaurs
  10 crocodiles
  Blork the orc (Orc:1)
  7 big kobolds
  18 bullfrogs
  A wyvern zombie (D:14)
  A scorpion (D:4)
  Dowan (D:6)
  32 killer bees
  3 vampire bats (Lair:4)
  3 wights (D:12)
  11 crimson imps
  A wasp zombie (D:9)
  A bullfrog skeleton (D:7)
  2 bullfrog zombies
  7 hounds
  23 orc wizards
  A gnoll shaman (D:10)
  2 jellies
  31 orc priests
  An iron imp (Orc:1)
  Jessica (D:3)
  8 iguanas
  Ijyb (D:3)
  22 worker ants
  Robin (D:3)
  7 gnolls
  15 adders
  29 river rats
  4 shadow imps
  A white imp (Orc:1)
  2 adder zombies
  An adder skeleton (D:4)
  5 worms
  A dart slug (D:1)
  4 leopard geckos
  113 orcs
  10 bats
  4 giant cockroaches
  17 goblins
  5 hobgoblins
  9 jackals
  5 quokkas
  2 frilled lizards (D:2)
  20 kobolds
  A leopard gecko skeleton (D:6)
  4 rats
993 creatures vanquished.

Vanquished Creatures (collateral kills)
  A greater naga (Snake:4)
  4 hydras (Swamp:4)
  6 naga warriors
  7 vault guards (D:13)
  6 naga sharpshooters
  2 swamp dragons (Swamp:4)
  4 naga ritualists
  5 mana vipers
  4 black mambas
  15 naga magi
  2 guardian serpents (Snake:4)
  7 slime creatures
  7 bog bodies
  2 blink frogs (Swamp:2)
  A shadow (Swamp:4)
  A vampire mosquito (Swamp:3)
  5 swamp worms
  23 nagas
  4 swamp drakes (Swamp:4)
  An eye of draining (D:13)
  3 orcs (D:13)
  A fungus (Swamp:4)
111 creatures vanquished.

Vanquished Creatures (others)
  A greater naga (Snake:4)
  4 naga warriors
  A hydra (Swamp:4)
  An alligator (Swamp:4)
  5 naga sharpshooters
  A swamp dragon (Swamp:4)
  A black mamba (Snake:2)
  A naga ritualist (Snake:4)
  2 naga magi (Snake:4)
  2 slime creatures (Swamp:2)
  7 nagas
  A soldier ant (Lair:5)
  A swamp worm (Swamp:3)
  A centaur (Depths:1)
  4 fulminant prisms (Swamp:3)
  19 fungi
  13 plants
65 creatures vanquished.

Grand Total: 1169 creatures vanquished

Notes
Turn   | Place    | Note
-------+----------+-------------------------------------------
     0 | D:1      | Jarlath the Vampire Enchanter began the quest for the Orb.
     0 | D:1      | Reached XP level 1. HP: 13/13 MP: 3/3
   250 | D:1      | Reached XP level 2. HP: 19/19 MP: 5/5
   593 | D:1      | Reached skill level 5 in Stealth
   739 | D:1      | Learned a level 2 spell: Ensorcelled Hibernation
   747 | D:2      | Found a stormy altar of Qazlal.
   776 | D:2      | Reached XP level 3. HP: 17/24 MP: 6/6
  1275 | D:2      | Reached XP level 4. HP: 30/30 MP: 7/7
  1355 | D:2      | Learned a level 3 spell: Confuse
  1400 | D:3      | Noticed Ijyb
  1411 | D:3      | Killed Ijyb
  1494 | D:3      | Noticed Robin
  1516 | D:4      | Found a sacrificial altar of Ru.
  1548 | D:4      | Reached XP level 5. HP: 18/35 MP: 8/8
  2012 | D:4      | Reached skill level 10 in Stealth
  2012 | D:4      | Reached XP level 6. HP: 14/41 MP: 9/9
  2032 | D:3      | Noticed Jessica
  2040 | D:3      | Killed Jessica
  2075 | D:4      | Learned a level 3 spell: Tukima's Dance
  2132 | D:4      | Noticed mhoghedin's ghost (novice DEFE)
  2143 | D:4      | Killed mhoghedin's ghost
  2143 | D:4      | Reached XP level 7. HP: 19/46 MP: 10/10
  2210 | D:4      | Found a staircase to the Ecumenical Temple.
  2292 | Temple   | Entered the Ecumenical Temple
  2377 | Temple   | Became a worshipper of Dithmenos the Shadowed
  3113 | D:3      | Killed Robin
  3113 | D:3      | Reached * piety under Dithmenos
  3116 | D:3      | Got a crude helmet
  3122 | D:3      | Identified the +2 helmet "Zysaemaff" {rElec Str-3 Dex+4} (You took it off Robin on level 3 of the Dungeon)
  3376 | D:5      | Entered Level 5 of the Dungeon
  3447 | D:5      | Noticed Menkaure
  3450 | D:5      | Killed Menkaure
  3450 | D:5      | Reached XP level 8. HP: 52/52 MP: 11/11
  3473 | D:5      | You fall through a shaft for 3 floors!
  3576 | D:7      | Reached skill level 15 in Stealth
  3714 | D:7      | Reached skill level 1 in Shields
  3796 | D:7      | Found an opulent altar of Gozag.
  4209 | D:6      | Reached ** piety under Dithmenos
  4256 | D:6      | Reached skill level 5 in Shields
  4256 | D:6      | Reached XP level 9. HP: 57/57 MP: 11/12
  4411 | D:6      | Noticed Duvessa
  4418 | D:6      | Noticed Dowan
  4445 | D:6      | Killed Dowan
  5063 | D:6      | Killed Duvessa
  5063 | D:6      | Reached skill level 5 in Short Blades
  5400 | D:6      | Found a snail-covered altar of Cheibriados.
  5569 | D:8      | Reached *** piety under Dithmenos
  5643 | D:8      | Got a shimmering marble ring
  5815 | D:8      | Noticed Pikel
  5817 | D:8      | Killed Pikel
  5817 | D:8      | Reached XP level 10. HP: 63/63 MP: 13/13
  5875 | D:8      | Identified the ring of Doubts {rPois EV+1 Dex+2 Slay+3} (You found it on level 8 of the Dungeon)
  6251 | D:9      | Reached skill level 10 in Short Blades
  6376 | D:9      | Found a staircase to the Orcish Mines.
  7003 | D:10     | Entered Level 10 of the Dungeon
  7013 | D:10     | Noticed Gastronok
  7022 | D:10     | Killed Gastronok
  7022 | D:10     | Reached skill level 7 in Hexes
  7141 | D:10     | Noticed Harold
  7169 | D:10     | Killed Harold
  7169 | D:10     | Reached skill level 8 in Hexes
  7169 | D:10     | Reached XP level 11. HP: 68/68 MP: 5/14
  7182 | D:10     | Reached **** piety under Dithmenos
  7230 | D:10     | Got a heavy robe
  7235 | D:10     | Got a smoking dagger
  7236 | D:10     | Identified the +1 dagger "Ixzepogi" {freeze, *Slow Int+7} (You found it on level 10 of the Dungeon)
  7247 | D:10     | Identified the +1 robe of Darkness {rC- rN+++ rCorr Dex-3} (You found it on level 10 of the Dungeon)
  7342 | D:10     | Got a flickering copper ring
  7393 | D:10     | Found a staircase to the Lair.
  7402 | Lair:1   | Entered Level 1 of the Lair of Beasts
  7477 | Lair:1   | Reached skill level 9 in Hexes
  7498 | Lair:1   | Reached skill level 10 in Hexes
  7670 | Lair:1   | Noticed Nergalle
  7675 | Lair:1   | Killed Nergalle
  7684 | Lair:1   | Learned a level 6 spell: Darkness
  7778 | Lair:1   | Noticed Sonja
  7785 | Lair:1   | Killed Sonja
  7785 | Lair:1   | Reached skill level 11 in Hexes
  8089 | Lair:1   | Found a frozen archway.
  8153 | Lair:1   | Reached skill level 5 in Spellcasting
  8306 | Lair:1   | Learned a level 5 spell: Silence
  8331 | Lair:2   | Reached skill level 12 in Hexes
  8357 | Lair:2   | Reached ***** piety under Dithmenos
  8445 | Lair:2   | Noticed a seven-headed hydra
  8449 | Lair:2   | Killed a seven-headed hydra
  8449 | Lair:2   | Reached XP level 12. HP: 74/74 MP: 21/21
  8546 | Lair:2   | Identified the ring "Hughar" {rF+ rN+++ MR- EV+2 Str+5} (You found it on level 10 of the Dungeon)
  8848 | Lair:2   | Reached skill level 5 in Dodging
  9577 | Lair:3   | Found an ancient bone altar of Kikubaaqudgha.
  9699 | Lair:3   | Reached skill level 13 in Hexes
 11078 | Lair:4   | Found a staircase to the Snake Pit.
 11086 | Lair:4   | Reached skill level 14 in Hexes
 11109 | Lair:4   | Reached skill level 1 in Ice Magic
 11205 | Lair:4   | Found a staircase to the Swamp.
 11284 | Swamp:1  | Entered Level 1 of the Swamp
 11377 | Swamp:1  | Noticed Donald
 11383 | Swamp:1  | Killed Donald
 11383 | Swamp:1  | Reached skill level 10 in Dodging
 11386 | Swamp:1  | Reached XP level 13. HP: 79/79 MP: 20/22
 12513 | Lair:4   | Reached skill level 15 in Hexes
 13047 | Lair:5   | Found a labyrinth entrance.
 13058 | Lab      | Entered a labyrinth
 13266 | Lab      | Noticed a minotaur
 13273 | Lab      | Killed a minotaur
 13289 | Lab      | Identified a +1 pair of boots of running (You found it in a labyrinth)
 13309 | Lab      | Learned a level 2 spell: Passwall
 13322 | Lair:5   | Noticed an entropy weaver
 13373 | Lair:5   | Reached skill level 1 in Transmutations
 13457 | Lair:5   | Noticed Snorg
 13467 | Lair:5   | Killed Snorg
 13496 | Lair:5   | Learned a level 5 spell: Irradiate
 13507 | Lair:5   | Killed an entropy weaver
 13581 | Lair:5   | Reached skill level 5 in Transmutations
 13660 | Lair:5   | Got a translucent marble ring
 13687 | Lair:5   | Identified the ring of Cin Pury {rF+ rC++ rN+ SInv} (You found it on level 5 of the Lair of Beasts)
 13689 | Lair:5   | Noticed an entropy weaver
 13727 | Lair:6   | Entered Level 6 of the Lair of Beasts
 13813 | Lair:5   | Found a staircase to the Slime Pits.
 13829 | Lair:5   | HP: 2/79 [death yak (11)]
 14850 | Lair:6   | Reached XP level 14. HP: 85/85 MP: 23/23
 15627 | Lair:6   | Reached ****** piety under Dithmenos
 17163 | D:11     | Reached skill level 15 in Dodging
 18284 | Orc:1    | Entered Level 1 of the Orcish Mines
 18322 | Orc:1    | Found Qery's Book Boutique.
 18335 | Orc:1    | Bought a book of Enchantments for 700 gold pieces
 18400 | Orc:1    | Found Ublouv's Antique Weapon Shop.
 18437 | Orc:2    | Entered Level 2 of the Orcish Mines
 18450 | Orc:2    | Reached skill level 16 in Hexes
 18753 | Orc:2    | Found a roughly hewn altar of Beogh.
 18862 | Orc:2    | Found Enaisapu's Antique Weapon Boutique.
 18869 | Orc:2    | Bought a smoking demon blade for 540 gold pieces
 18869 | Orc:2    | Identified the +2 demon blade of Truncation {flame, rPois Str+3} (You bought it in a shop on level 2 of the Orcish Mines)
 18877 | Orc:2    | Found Iding's Distillery.
 19165 | Orc:2    | Noticed Saint Roka
 19180 | Orc:2    | Found Sihikaes's General Store.
 19535 | Orc:2    | Killed Saint Roka
 19535 | Orc:2    | Reached XP level 15. HP: 90/90 MP: 16/26
 19972 | Orc:2    | Found a staircase to the Elven Halls.
 20013 | Orc:2    | Noticed an orc warlord
 20338 | Orc:2    | Killed an orc warlord
 20477 | Orc:2    | Found a roughly hewn altar of Beogh.
 20705 | Orc:2    | Found Asiulang's General Store.
 20867 | Orc:2    | Bought a scroll of teleportation for 42 gold pieces
 20964 | Orc:2    | Reached skill level 17 in Hexes
 21260 | Orc:2    | Bought a scroll of teleportation for 39 gold pieces
 21260 | Orc:2    | Bought a scroll of teleportation for 39 gold pieces
 21260 | Orc:2    | Bought a scroll of identify for 26 gold pieces
 21319 | Elf:1    | Entered Level 1 of the Elven Halls
 21404 | Orc:1    | Found Zamusioj's Assorted Antiques.
 21456 | Orc:1    | Bought a transparent helmet for 209 gold pieces
 21456 | Orc:1    | Bought a scroll of teleportation for 66 gold pieces
 21456 | Orc:1    | Bought a scroll labeled EWOECL NUNLYOWN for 22 gold pieces
 21814 | Orc:1    | Identified the +5 helmet of Rakom {rPois Regen+ Int+3} (You bought it in a shop on level 1 of the Orcish Mines)
 21918 | Orc:1    | Learned a level 8 spell: Discord
 21997 | Orc:1    | Noticed Blork the orc
 22001 | Orc:1    | Killed Blork the orc
 22043 | Orc:1    | Got a dazzling hat
 22045 | Orc:1    | Got a warped hat
 22067 | Orc:1    | Identified the +0 hat of the Failed Coup {Stlth+} (You found it on level 1 of the Orcish Mines)
 22077 | Orc:1    | Identified the +0 hat "Foiliog" {*Corrode Int+2 Dex+8 Slay-4} (You found it on level 1 of the Orcish Mines)
 22267 | D:12     | Found a radiant altar of Vehumet.
 22527 | D:12     | Found Esesotz's General Store.
 22669 | D:12     | Found Erevew's Food Shoppe.
 22738 | D:12     | Found Yruda's Food Shoppe.
 22826 | D:13     | Noticed Azrael
 22830 | D:13     | Killed Azrael
 22835 | D:14     | Reached skill level 18 in Hexes
 23437 | D:14     | Noticed Urug
 23441 | D:14     | Killed Urug
 23441 | D:14     | Reached skill level 19 in Hexes
 23953 | D:15     | Entered Level 15 of the Dungeon
 24423 | D:15     | Found a staircase to the Depths.
 24474 | Depths:1 | Entered Level 1 of the Depths
 24479 | Depths:1 | Noticed a lich
 24536 | D:15     | Noticed a Brimstone Fiend
 24810 | D:13     | Reached skill level 20 in Hexes
 24885 | D:13     | Gained mutation: You expend magic power (3 MP) to strengthen your wands. [potion of mutation]
 24885 | D:13     | Gained mutation: You have large cloven feet. [potion of mutation]
 24885 | D:13     | Gained mutation: You are clumsy. (Dex -2) [potion of mutation]
 24886 | D:13     | Lost mutation: You have large cloven feet. [potion of cure mutation]
 24886 | D:13     | Lost mutation: You are clumsy. (Dex -2) [potion of cure mutation]
 24886 | D:13     | Lost mutation: You expend magic power (3 MP) to strengthen your wands. [potion of cure mutation]
 24887 | D:13     | Found a gate to the Vaults.
 25810 | Snake:1  | Entered Level 1 of the Snake Pit
 25822 | Snake:1  | Reached XP level 16. HP: 96/96 MP: 26/29
 26194 | Snake:1  | Reached skill level 21 in Hexes
 26539 | Snake:1  | Gained mutation: You are robust. (+10% HP) [potion of beneficial mutation]
 27860 | Snake:2  | Reached skill level 10 in Spellcasting
 28384 | Snake:2  | Found Atuzuz's Antique Armour Shoppe.
 28391 | Snake:2  | Bought a heavily runed ring mail for 324 gold pieces
 28401 | Snake:2  | Identified the +4 ring mail of Zurchan {Dex+5} (You bought it in a shop on level 2 of the Snake Pit)
 28617 | Snake:2  | Learned a level 5 spell: Yara's Violent Unravelling
 29045 | Snake:2  | Identified a scroll of acquirement
 29092 | Snake:2  | Got a polished cloak
 29103 | Snake:2  | Identified the +0 cloak of Mifuh {rCorr Int+6 Dex+4} (You acquired it on level 2 of the Snake Pit)
 29109 | Snake:2  | Learned a level 4 spell: Fulminant Prism
 29410 | Snake:3  | Found Caups's Assorted Antiques.
 29743 | Snake:4  | Entered Level 4 of the Snake Pit
 31083 | Snake:4  | Reached skill level 1 in Fighting
 31083 | Snake:4  | Reached XP level 17. HP: 107/114 MP: 9/34
 31119 | Snake:4  | Got a serpentine rune of Zot
 32290 | Swamp:3  | Reached skill level 5 in Fighting
 33268 | Swamp:4  | Entered Level 4 of the Swamp
 33307 | Swamp:4  | Gained mutation: You tend to lose your temper in combat. [you]
 33308 | Swamp:4  | Lost mutation: You tend to lose your temper in combat. [potion of cure mutation]
 33308 | Swamp:4  | Lost mutation: You are robust. (+10% HP) [potion of cure mutation]
 33839 | Swamp:4  | Noticed the 27-headed Lernaean hydra
 33955 | Swamp:4  | Slain by an eight-headed hydra

Vault maps used:
D:1:      evilmike_arrival_plus
D:2:      lemuel_crystal_altar, first_bread, minmay_small_reverse_x
D:3:      uniq_jessica, uniq_robin, uniq_iyjb
D:4:      black_bear_nest_1, nicolae_ru_great_annihilating_truth
D:5:      lightli_ossuary_entry_decrepit_ruins, mrwooster_statue_mirror,
          uniq_menkaure
D:6:      cheibrodos_worm_habitat, uniq_duvessa
D:7:      nicolae_gozag_seed_capital, grunt_decor_arrowhead,
          kennysheep_generic_room_14
D:8:      uniq_pikel
D:9:      david_orc_4
D:10:     lair_0_dummy, uniq_harold, uniq_gastronok
D:11:     grunt_ogre_cave
D:12:     serial_shops, shop, shop_statue, shop, basic_altar
D:13:     erik_vaults_2, uniq_azrael
D:14:     minivault_25, uniq_urug
D:15:     grunt_enter_depths_hoard, minmay_large_rounded_square
Temple:   regret_index_temple_mists
Lair:1:   portal_ice_cave_demonic_guard, lemuel_fruit_fields, uniq_nergalle,
          uniq_sonja
Lair:3:   basic_altar, minmay_stone_trees_small
Lair:4:   minmay_swamp_entry_worms, guppyfry_snake_entry_island,
          roderic_batcave, infiniplex_staircase_pool_2
Lair:5:   slime_dummy, lab_entry_generic, zaba_anthell, uniq_snorg
Lair:6:   due_jungle_book, grunt_megastairs_5
Swamp:1:  evilmike_swamp_ruin_rubble_1, swamp_pool1, uniq_donald
Swamp:2:  evilmike_swamp_ruin_house_2, swamp_pool4,
          nicolae_swamp_orc_logging_accident, wheals_swamp_sinkhole
Swamp:3:  evilmike_swamp_ruin_house_5
Swamp:4:  grunt_swamp_rune_castle, uniq_louise
Snake:2:  nicolae_snake_hallway, serial_shops, nicolae_shop_trees,
          nicolae_snake_double_loop, serial_bayou_shore_b
Snake:3:  serial_shops, shop, serial_bayou_shore_b
Snake:4:  snake_pit, spider_trap
Orc:1:    serial_shops, shop, nicolae_shop_behind_doors, shop, shop,
          nicolae_shop_waterfront, hangedman_minor_magic
Orc:2:    pubby_orc_utopia, uniq_saint_roka
Elf:1:    elf_arrival_002, basic_altar, minmay_elf_annihilation,
          grunt_ministairs_4, small_statue_intersection,
          fake_guardian_serpent_vault, minmay_shop_grove
Depths:1: hellmouth_1, kennysheep_nub, minivault_10, hangedman_decor_lopped,
          minmay_misc_feat_x, guppyfry_shop_earth
Lab:      labyrinth_mini_lab, labyrinth_skeletal_remains

Skill      XL: |  1  2  3  4  5  6  7  8  9 10 11 12 13 14 15 16 17 |
---------------+----------------------------------------------------+-----
Stealth        | 6 7 8 10 11 14 15 | 15.1
Shields        | 5 |  5.1
Short Blades   | 9 12 | 12.7
Hexes          | 8 12 14 15 16 20 21 | 21.0
Spellcasting   | 6 7 9 13 | 13.2
Dodging        | 3 10 12 15 | 15.4
Ice Magic      | 1 |  1.0
Transmutations | 7 |  7.5
Fighting       | 1 7 |  7.4

Action                   |  1- 3 |  4- 6 |  7- 9 | 10-12 | 13-15 | 16-18 || total
-------------------------+-------+-------+-------+-------+-------+-------++-------
Melee: Dagger            |    87 |    78 |   238 |   324 |  2092 |   311 ||  3130
       Bite              |     2 |     6 |    20 |    54 |   272 |    35 ||   389
       Short sword       |       |       |    25 |   146 |       |       ||   171
 Cast: Ensorcelled Hiber |    13 |    26 |    83 |   125 |   300 |    86 ||   633
       Confuse           |       |     6 |    19 |    19 |   119 |    74 ||   237
       Tukima's Dance    |       |       |     1 |       |       |       ||     1
       Darkness          |       |       |       |     5 |     6 |     1 ||    12
       Irradiate         |       |       |       |       |     6 |       ||     6
       Discord           |       |       |       |       |     2 |    31 ||    33
       Yara's Violent Un |       |       |       |       |       |     5 ||     5
       Fulminant Prism   |       |       |       |       |       |     4 ||     4
Invok: Shadow Step       |       |       |       |     3 |     4 |     8 ||    15
 Abil: End Transformatio |       |       |       |     1 |       |       ||     1
       Bat Form          |       |       |       |     1 |       |       ||     1
Evoke: Wand              |       |       |       |     1 |     3 |       ||     4
  Use: Scroll            |       |     9 |    12 |    15 |    25 |    10 ||    71
       Potion            |       |     1 |       |     7 |    14 |    11 ||    33
 Stab: Sleeping          |    17 |    15 |    74 |   115 |   308 |    86 ||   615
       Confused          |       |     1 |     6 |     9 |    60 |    27 ||   103
       Distracted        |       |       |     3 |     1 |     5 |     1 ||    10
       Invisible         |       |       |       |       |     2 |       ||     2
Armor: Robe              |    35 |    34 |    60 |    67 |   116 |    37 ||   349
Dodge: Dodged            |    38 |    57 |   177 |   303 |  1122 |   264 ||  1961
Block: Buckler           |       |       |    45 |   171 |   632 |   140 ||   988
